 Dungeon Crawl Stone Soup version 0.29-a0-384-g6960b1960d (webtiles) character file.

Game seed: 11735446499106550209

194 pyrow613 the Chopper (level 5, -2/47 HPs)
             Began as a Draconian Berserker on May 6, 2022.
             Was a Follower of Trog.
             Killed by nerve-wracking pain
             ... invoked by Jessica
              (9 damage)
             ... on level 2 of the Dungeon.
             The game lasted 00:01:59 (1293 turns).

pyrow613 the Chopper (Draconian Berserker)          Turns: 1293, Time: 00:02:00

Health: -2/47      AC:  5    Str: 21    XL:     5   Next: 44%
Magic:  5/5        EV: 12    Int:  7    God:    Trog [*.....]
Gold:   34         SH:  0    Dex: 11    Spells: 4/4 levels left

rFire   . . .      SeeInvis .   a - +0 hand axe
rCold   . . .      Faith    .   (no shield)
rNeg    . . .      Spirit   .   (body armour unavailable)
rPois   .          Reflect  .   (helmet restricted)
rElec   .          Harm     .   (no cloak)
rCorr   .          Rampage  .   (no gloves)
Will    .....                   (no boots)
Stlth   +.........              (no amulet)
HPRegen 0.15/turn               (no ring)
MPRegen 0.09/turn               (no ring)

@: on berserk cooldown, slowed, very slow
A: AC +5, unfitting armour, cold-blooded
a: Renounce Religion, Berserk


You were on level 2 of the Dungeon.
You worshipped Trog.
Trog was aware of your devotion.
You visited 1 branch of the dungeon, and saw 2 of its levels.

You collected 34 gold pieces.

Inventory:

Hand Weapons
 a - a +0 hand axe (weapon)
Wands
 g - a wand of flame (17)
Scrolls
 d - 3 scrolls of fog {unknown}
Potions
 b - 2 potions of curing
 c - a potion of might {unknown}
 e - a potion of flight {unknown}
 f - 3 potions of heal wounds
 h - a potion of magic {unknown}


   Skills:
 + Level 4.7 Fighting
 * Level 5.4 Axes
 - Level 2.6 Dodging


You had 4 spell levels left.
You didn't know any spells.
Your spell library was empty.

Dungeon Overview and Level Annotations

Branches:
Dungeon (2/15)

Altars:

Annotations:
D:2 Jessica


Innate Abilities, Weirdness & Mutations

Your plain brown scales are hard. (AC +5)
You cannot fit into any form of body armour.
You are cold-blooded and may be slowed by cold attacks.


Message History

You hit Jessica.
Jessica is severely wounded.
Jessica hits you with a +0 club.
You closely miss Jessica.
Jessica is heavily wounded.
Jessica points at you and mumbles some strange words.
Pain shoots through your body! Jessica hits you with a +0 club.
You are too injured to fight recklessly!
You are too injured to fight recklessly!
You are too injured to fight recklessly!
You are too injured to fight recklessly!
A red film seems to cover your vision as you go berserk!
You feel yourself moving faster!
You feel mighty!
Jessica gestures wildly while chanting.
Jessica blinks!
You feel a strong urge to attack something.
You are too injured to fight recklessly!
You are too injured to fight recklessly!
Found an encrusted emerald ring.
Jessica gestures wildly while chanting.
Jessica blinks!
You feel your anger nearly subside.
You are no longer berserk.
You are exhausted.
You feel yourself slow down.
Jessica shouts, "You're disturbing me!
I'll have to kill you!" Jessica barely misses you.
Jessica gestures wildly while chanting.
Jessica blinks!
Jessica gestures at you while chanting. You resist with some effort.
Jessica mumbles some strange words.
Jessica blinks!
Jessica gestures at you while chanting. Pain shoots through your body!
* * * LOW HITPOINT WARNING * * *
Jessica is no longer moving quickly.
Jessica points at you and mumbles some strange words.
Pain shoots through your body!
You die...

#.#####.###.##.#
...##.##....##
######.##........#
#......รท...#..###.
#.####.##.##..# #.
##)## #)##.##..# #.
#...# #.##.##..###.
#.#.# #:##.##..).>.
#.@.# #.##.##.####<
#@### #.##.##.# ##
#.# .#.#.##.#
##.###.# # #.#
#.....# #.#
#..###.# #.# #....
#.# #..=.. ..#
#...###


You could see Jessica.

Vanquished Creatures
  Sigmund (D:2)
  An adder (D:2)
  2 ball pythons (D:1)
  2 bats (D:1)
  3 endoplasms
  2 giant cockroaches (D:1)
  5 goblins (D:1)
  2 hobgoblins
  3 kobolds
  3 rats (D:1)
24 creatures vanquished.

Notes
Turn   | Place    | Note
-------+----------+-------------------------------------------
     0 | D:1      | pyrow613 the Draconian Berserker began the quest for the
                  | Orb.
     0 | D:1      | Reached XP level 1. HP: 19/19 MP: 1/1
   282 | D:1      | Reached XP level 2. HP: 26/26 MP: 2/2
   959 | D:2      | Noticed Sigmund
   971 | D:2      | Reached XP level 3. HP: 19/33 MP: 3/3
   978 | D:2      | Killed Sigmund
   979 | D:2      | Reached skill level 5 in Axes
   979 | D:2      | Reached XP level 4. HP: 18/41 MP: 4/4
   979 | D:2      | Reached XP level 5. HP: 21/47 MP: 5/5
   991 | D:2      | HP: 1/47 [frozen (4)]
  1263 | D:2      | Noticed Jessica
  1293 | D:2      | Killed from afar by Jessica

Illustrated notes

Levels and vault maps discovered:
D:1:      zelgadis_glass_arrival_small, layout_basic, serial_bayou_pond_e
D:2:      layout_loops_ring, uniq_crazy_yiuf_cottage, uniq_sigmund, uniq_jessica

Skill      XL: |  1  2  3 |
---------------+----------+-----
Fighting       | 4 |  4.7
Axes           | 5 |  5.4
Dodging        | |  2.6

Action                   |  1- 3 |  4- 6 || total
-------------------------+-------+-------++-------
Melee: Hand axe          |    43 |    26 ||    69
       Tailslap          |     8 |     1 ||     9
Invok: Berserk           |     1 |     1 ||     2
  Use: Potion            |       |     1 ||     1
Armor: Skin              |    11 |    10 ||    21
Dodge: Dodged            |    24 |    13 ||    37

Table legend: (Time is in decaauts)
 A = Elapsed time spent in this place.
 B = Non-inter-level travel time spent in this place.
 C = Inter-level travel time spent in this place.
 D = Time resting spent in this place.
 E = Time spent auto-exploring this place.
 F = Levels seen in this place.
 G = Mean time per level.
                   A        B        C        D        E       F      G
               +--------+--------+--------+--------+--------+-----+--------+
         Total |   1308 |   1293 |     15 |     51 |   1055 |   2 |  654.0 |
       Dungeon |   1308 |   1293 |     15 |     51 |   1055 |   2 |  654.0 |
               +--------+--------+--------+--------+--------+-----+--------+

Top non-repeatable levels by time:
     D:1: 942 daAuts
     D:2: 366 daAuts
